LOS ANGELES Kings vs COLORADO Avalanche

Created - 11 mars 2024 at 20:37

Goals
1 2 3 T
LOS ANGELES Kings 0 0 1 1
COLORADO Avalanche 0 2 3 5
Shots
1 2 3 T
LOS ANGELES Kings 13 17 7 37
COLORADO Avalanche 10 11 10 31

1st period

No Goal

Penalties :
Craig Smith (COL) for Holding (Minor) at 2:14, Nick Foligno (COL) for High sticking (Minor) at 7:26, Marcus Pettersson (LAK) for Interference (Minor) at 12:42, Jake DeBrusk (COL) for Delaying the game (Minor) at 19:43

2nd period

1. COLORADO Avalanche , Jake DeBrusk 24 (Jeff Skinner 35) at 10:21 (SH)
2. COLORADO Avalanche , Jake DeBrusk 25 (David Pastrnak 24, Jeff Skinner 36) at 13:15 (PP)

Penalties :
Drew Doughty (LAK) for Hooking (Minor) at 7:04, Tyson Barrie (COL) for Hooking (Minor) at 9:43, Carl Grundstrom (LAK) for High sticking (Minor) at 12:57, Nick Foligno (COL) for Tripping (Minor) at 14:44, David Pastrnak (COL) for Holding (Minor) at 18:45

3rd period

3. COLORADO Avalanche , Tomas Nosek 7 (Jordan Eberle 26) at 3:53
4. COLORADO Avalanche , Zach Aston-Reese 7 (Tyson Barrie 29, Oliver Ekman-Larsson 26) at 4:05
5. COLORADO Avalanche , David Pastrnak 25 (Jeff Skinner 37) at 4:21
6. LOS ANGELES Kings , Drew Doughty 5 (Jonathan Huberdeau 19, Mitchell Marner 20) at 18:35 (PP)

Penalties :
Drew Doughty (LAK) for Slashing (Minor) at 8:12, Zach Bogosian (COL) for High sticking (Minor) at 18:12

Goalie Stats

Vitek Vanecek (LAK), 26 saves from 31 shots - (0,839), L, 18-22-2, 60:00 minutes
Jonathan Quick (COL), 36 saves from 37 shots - (0,973), W, 22-22-4, 60:00 minutes

Players Stats for LOS ANGELES Kings

Player Name              G  A  P  +/- PIM S  H  SB GA TA FO     MP     PP MP  PK MP  
------------------------------------------------------------------------------------
Anze Kopitar             0  0  0  -2  0   6  0  1  0  0  29/38  24:38   7:47   1:37 
Calle Rosen              0  0  0  -2  0   0  1  1  0  0  0/0    17:53   4:43   1:29 
Carl Grundstrom          0  0  0  -1  2   3  0  0  0  0  1/1    11:45   0:00   0:00 
Dawson Mercer            0  0  0  -1  0   6  1  1  0  0  14/33  22:38   4:30   4:00 
Dominik Kubalik          0  0  0  -1  0   2  2  0  0  0  0/0    18:38   4:30   0:00 
Drew Doughty             1  0  1  -2  4   6  1  1  0  0  0/0    23:04   7:34   1:31 
Hampus Lindholm          0  0  0  -1  0   2  2  0  0  0  0/0    23:52   4:43   3:23 
Joel Kiviranta           0  0  0  -1  0   0  0  0  0  0  0/1     0:50   0:00   0:00 
Jonathan Huberdeau       0  1  1  -1  0   1  3  0  0  0  1/2    22:57   7:47   0:26 
Marc Staal               0  0  0   0  0   0  2  1  0  0  0/0    17:30   0:00   1:44 
Marcus Pettersson        0  0  0  -1  2   0  2  0  0  0  0/0    11:40   0:00   0:00 
Mark Stone               0  0  0  -1  0   3  0  1  0  0  0/0    18:38   4:30   0:00 
Mitchell Marner          0  1  1  -1  0   2  1  0  0  0  1/6    24:41   7:47   2:10 
Oskar Sundqvist          0  0  0  -1  0   0  1  0  0  0  5/12   12:06   0:00   0:00 
Parker Kelly             0  0  0   0  0   0  0  0  0  0  0/0     0:00   0:00   0:00 
Pierre Engvall           0  0  0  -1  0   0  0  0  0  0  0/0     5:07   0:00   4:17 
Rasmus Andersson         0  0  0  -2  0   2  1  2  0  0  0/0    25:58   7:34   4:23 
Rem Pitlick              0  0  0  -1  0   4  0  0  0  0  0/0    11:46   0:00   0:00 

Players Stats for COLORADO Avalanche

Player Name              G  A  P  +/- PIM S  H  SB GA TA FO     MP     PP MP  PK MP  
------------------------------------------------------------------------------------
Alex Iafallo             0  0  0   0  0   3  0  1  0  0  0/0    17:20   1:58   0:38 
Craig Smith              0  0  0   1  2   0  1  0  0  0  3/9     5:06   0:00   0:00 
David Pastrnak           1  1  2   1  2   3  3  1  0  0  0/0    16:37   4:17   0:00 
Jake DeBrusk             2  0  2   2  2   4  3  0  0  0  0/1    23:42   4:17   7:13 
Jason Zucker             0  0  0   0  0   0  2  0  0  0  0/1    21:09   1:59   4:26 
Jeff Skinner             0  3  3   2  0   3  1  0  0  0  22/48  25:10   4:16   8:41 
Jordan Eberle            0  1  1   1  0   6  0  0  0  0  0/0     9:24   0:00   0:00 
Jordie Benn              0  0  0   2  0   0  3  0  0  0  0/0    13:05   0:00   0:00 
Kris Russell             0  0  0   2  0   0  1  1  0  0  0/0    13:36   0:00   0:31 
Mark Pysyk               0  0  0   1  0   0  0  0  0  0  0/0    22:06   2:59   6:45 
Nick Foligno             0  0  0   2  4   1  3  0  0  0  4/9    14:21   0:00   0:00 
Oliver Ekman-Larsson     0  1  1   2  0   1  3  0  0  0  0/0    25:59   3:16   6:42 
Tomas Nosek              1  0  1   1  0   2  0  0  0  0  1/1     9:55   0:00   0:31 
Trevor Zegras            0  0  0   0  0   1  2  0  0  0  12/24  19:47   1:58   3:05 
Tyler Johnson            0  0  0   0  0   0  0  0  0  0  0/0     0:00   0:00   0:00 
Tyson Barrie             0  1  1   1  2   2  1  2  0  0  0/0    24:17   3:16   5:01 
Zach Aston-Reese         1  0  1   1  0   4  0  0  0  0  0/0     5:07   0:00   0:00 
Zach Bogosian            0  0  0   0  2   1  7  2  0  0  0/0    20:55   2:59   5:35 

3 Stars

1 - Jake DeBrusk (COL)
2 - Jonathan Quick (COL)
3 - Jeff Skinner (COL)

Power Play

LOS ANGELES Kings - 1 on 7 Attempt(s) - 14,29%
COLORADO Avalanche - 1 on 4 Attempt(s) - 25,00%

Penalty Kill

LOS ANGELES Kings - 3 on 4 Attempt(s) - 75,00% - Score 0 goal in Penalty Kill
COLORADO Avalanche - 6 on 7 Attempt(s) - 85,71% - Score 1 goal in Penalty Kill

Team Stat

LOS ANGELES Kings - Hits : 17 - Faceoff Wins : 51 - Blocked Shots : 8 - Penalty Minutes : 8
COLORADO Avalanche - Hits : 30 - Faceoff Wins : 42 - Blocked Shots : 7 - Penalty Minutes : 14

Official

Referees : Chris Schlenker and Jestina Vichorek
Linesman : Sara Strong and Jackie Spresser

Game Notes

No Game Note

Finance

Level 1 -- Attendance: 4983 (83,05%) -- Ticket Income $498,300
Level 2 -- Attendance: 3951 (79,02%) -- Ticket Income $237,060
Level 3 -- Attendance: 2000 (100,00%) -- Ticket Income $70,000
Level 4 -- Attendance: 2600 (65,00%) -- Ticket Income $65,000
Luxury Box -- Attendance: 834 (83,40%) -- Ticket Income $166,800
Game was played at the Pepsi Center.
Total Attendance: 14368 (79,82%)
Total Ticket Income: $1,037,160
Other Income: $259,290
Total Income: $1,296,450

LOS ANGELES Kings

5 vs 5 Forward 
   Center                   Left Wing                Right Wing               Time % Phy DF OF 
 1 Anze Kopitar             Jonathan Huberdeau       Mitchell Marner          40     1   2  2  
 2 Dawson Mercer            Dominik Kubalik          Mark Stone               30     1   2  2  
 3 Oskar Sundqvist          Carl Grundstrom          Rem Pitlick              20     2   2  1  
 4 Anze Kopitar             Pierre Engvall           Joel Kiviranta           10     1   2  2  

5 vs 5 Defense 
   Defense                  Defense                                           Time % Phy DF OF 
 1 Drew Doughty             Rasmus Andersson                                  40     1   2  2  
 2 Marc Staal               Hampus Lindholm                                   30     1   2  2  
 3 Marcus Pettersson        Calle Rosen                                       20     1   2  2  
 4 Hampus Lindholm          Rasmus Andersson                                  10     1   2  2  

PowerPlay Forward 
   Center                   Left Wing                Right Wing               Time % Phy DF OF 
 1 Anze Kopitar             Jonathan Huberdeau       Mitchell Marner          60     1   1  3  
 2 Dawson Mercer            Dominik Kubalik          Mark Stone               40     1   1  3  

PowerPlay Defense
   Defense                  Defense                                           Time % Phy DF OF 
 1 Drew Doughty             Rasmus Andersson                                  60     1   2  2  
 2 Calle Rosen              Hampus Lindholm                                   40     1   2  2  

Penalty Kill 4 Players Forward 
   Center                   Wing                     Time % Phy DF OF 
 1 Dawson Mercer            Pierre Engvall           60     1   3  1  
 2 Anze Kopitar             Mitchell Marner          40     1   3  1  

Penalty Kill 4 Players Defense
   Defense                  Defense                  Time % Phy DF OF 
 1 Drew Doughty             Rasmus Andersson         60     1   2  2  
 2 Hampus Lindholm          Marc Staal               40     1   2  2  

Penalty Kill - 3 Players Forward 
   Forward                                           Time % Phy DF OF 
 1 Dawson Mercer                                     60     1   3  1  
 2 Anze Kopitar                                      40     1   3  1  

Penalty Kill - 3 Players Defense
   Defense                  Defense                  Time % Phy DF OF 
 1 Drew Doughty             Rasmus Andersson         60     1   2  2  
 2 Marc Staal               Hampus Lindholm          40     1   2  2  

4 vs 4 Forward 
   Center                   Wing                     Time % Phy DF OF 
 1 Anze Kopitar             Mitchell Marner          60     1   2  2  
 2 Dawson Mercer            Jonathan Huberdeau       40     1   2  2  

4 vs 4 Defense
   Defense                  Defense                  Time % Phy DF OF 
 1 Drew Doughty             Rasmus Andersson         60     1   2  2  
 2 Marc Staal               Hampus Lindholm          40     1   2  2  

Last Minutes Offensive
   Center                   Left Wing                Right Wing               Defense                  Defense                  
   Anze Kopitar             Jonathan Huberdeau       Mitchell Marner          Drew Doughty             Hampus Lindholm          

Last Minutes Defensive
   Center                   Left Wing                Right Wing               Defense                  Defense                  
   Anze Kopitar             Jonathan Huberdeau       Mitchell Marner          Drew Doughty             Rasmus Andersson         

Goaltenders
Starting : Vitek Vanecek            
Backup : Kaapo Kahkonen           

Extra Forwards
Normal : Anze Kopitar, Mitchell Marner, Jonathan Huberdeau - PP : Anze Kopitar, Mitchell Marner - PK : Mitchell Marner
Extra Defensemen
Normal : Marcus Pettersson, Drew Doughty, Rasmus Andersson - PP : Marcus Pettersson - PK : Drew Doughty, Rasmus Andersson
Penalty Shots
Mitchell Marner, Jonathan Huberdeau, Mark Stone, Anze Kopitar, Dawson Mercer

Scratches
None

COLORADO Avalanche

5 vs 5 Forward 
   Center                   Left Wing                Right Wing               Time % Phy DF OF 
 1 Jeff Skinner             Jake DeBrusk             David Pastrnak           40     0   2  3  
 2 Trevor Zegras            Alex Iafallo             Jason Zucker             30     0   2  3  
 3 Nick Foligno             Tomas Nosek              Jordan Eberle            20     1   2  2  
 4 Craig Smith              Zach Aston-Reese         Nick Foligno             10     1   2  2  

5 vs 5 Defense 
   Defense                  Defense                                           Time % Phy DF OF 
 1 Tyson Barrie             Oliver Ekman-Larsson                              40     1   2  2  
 2 Zach Bogosian            Mark Pysyk                                        30     1   2  2  
 3 Kris Russell             Jordie Benn                                       20     1   2  2  
 4 Tyson Barrie             Oliver Ekman-Larsson                              10     1   2  2  

PowerPlay Forward 
   Center                   Left Wing                Right Wing               Time % Phy DF OF 
 1 Jeff Skinner             Jake DeBrusk             David Pastrnak           60     1   2  2  
 2 Trevor Zegras            Alex Iafallo             Jeff Skinner             40     1   2  2  

PowerPlay Defense
   Defense                  Defense                                           Time % Phy DF OF 
 1 Tyson Barrie             Oliver Ekman-Larsson                              60     1   2  2  
 2 Zach Bogosian            Mark Pysyk                                        40     1   2  2  

Penalty Kill 4 Players Forward 
   Center                   Wing                     Time % Phy DF OF 
 1 Jeff Skinner             Jake DeBrusk             60     1   2  2  
 2 Trevor Zegras            Jason Zucker             40     1   2  2  

Penalty Kill 4 Players Defense
   Defense                  Defense                  Time % Phy DF OF 
 1 Tyson Barrie             Oliver Ekman-Larsson     60     1   2  2  
 2 Zach Bogosian            Mark Pysyk               40     1   2  2  

Penalty Kill - 3 Players Forward 
   Forward                                           Time % Phy DF OF 
 1 Jeff Skinner                                      60     1   2  2  
 2 Trevor Zegras                                     40     1   2  2  

Penalty Kill - 3 Players Defense
   Defense                  Defense                  Time % Phy DF OF 
 1 Tyson Barrie             Oliver Ekman-Larsson     60     1   2  2  
 2 Zach Bogosian            Mark Pysyk               40     1   2  2  

4 vs 4 Forward 
   Center                   Wing                     Time % Phy DF OF 
 1 Jeff Skinner             Jake DeBrusk             60     1   2  2  
 2 Trevor Zegras            Jason Zucker             40     1   2  2  

4 vs 4 Defense
   Defense                  Defense                  Time % Phy DF OF 
 1 Tyson Barrie             Oliver Ekman-Larsson     60     1   2  2  
 2 Zach Bogosian            Mark Pysyk               40     1   2  2  

Last Minutes Offensive
   Center                   Left Wing                Right Wing               Defense                  Defense                  
   Jeff Skinner             Jake DeBrusk             David Pastrnak           Tyson Barrie             Oliver Ekman-Larsson     

Last Minutes Defensive
   Center                   Left Wing                Right Wing               Defense                  Defense                  
   Jeff Skinner             Jake DeBrusk             David Pastrnak           Tyson Barrie             Oliver Ekman-Larsson     

Goaltenders
Starting : Jonathan Quick           
Backup : Magnus Hellberg          

Extra Forwards
Normal : Jason Zucker, Alex Iafallo, Trevor Zegras - PP : Jason Zucker, Alex Iafallo - PK : Jason Zucker
Extra Defensemen
Normal : Mark Pysyk, Kris Russell, Jordie Benn - PP : Mark Pysyk - PK : Mark Pysyk, Kris Russell
Penalty Shots
David Pastrnak, Jeff Skinner, Jake DeBrusk, Jordan Eberle, Jason Zucker

Scratches
None


% Time on Ice - LOS ANGELES Kings

Lines # - Real PCT - Wanted PCT - Time Play
Normal Forward
1 - 36% - 40% - 14:44
2 - 34% - 30% - 14:08
3 - 28% - 20% - 11:46
4 - 2% - 10% - 0:50
Normal Defense
1 - 34% - 40% - 14:01
2 - 38% - 30% - 15:46
3 - 28% - 20% - 11:41
4 - 0% - 10% - 0:00
PP Forward
1 - 63% - 60% - 7:47
2 - 37% - 40% - 4:30
PP Defense
1 - 62% - 60% - 7:34
2 - 38% - 40% - 4:43
PK Forward
1 - 75% - 60% - 4:43
2 - 25% - 40% - 1:32
PK Defense
1 - 72% - 60% - 4:31
2 - 28% - 40% - 1:44
PK3 Forward
1 - 0% - 60%
2 - 0% - 40%
PK3 Defense
1 - 0% - 60%
2 - 0% - 40%
44 Forward
1 - 0% - 60%
2 - 0% - 40%
44 Defense
1 - 0% - 60%
2 - 0% - 40%
Last Minute Offensive  - 0:00
Last Minute Defensive  - 0:00
Total
Forward - 60:00
Defense - 60:00

% Time on Ice - COLORADO Avalanche

Lines # - Real PCT - Wanted PCT - Time Play
Normal Forward
1 - 29% - 40% - 12:13
2 - 36% - 30% - 14:44
3 - 23% - 20% - 9:24
4 - 12% - 10% - 5:07
Normal Defense
1 - 39% - 40% - 16:01
2 - 30% - 30% - 12:22
3 - 32% - 20% - 13:05
4 - 0% - 10% - 0:00
PP Forward
1 - 69% - 60% - 4:17
2 - 31% - 40% - 1:58
PP Defense
1 - 52% - 60% - 3:16
2 - 48% - 40% - 2:59
PK Forward
1 - 75% - 60% - 9:12
2 - 25% - 40% - 3:05
PK Defense
1 - 55% - 60% - 6:42
2 - 45% - 40% - 5:35
PK3 Forward
1 - 0% - 60%
2 - 0% - 40%
PK3 Defense
1 - 0% - 60%
2 - 0% - 40%
44 Forward
1 - 0% - 60%
2 - 0% - 40%
44 Defense
1 - 0% - 60%
2 - 0% - 40%
Last Minute Offensive  - 0:00
Last Minute Defensive  - 0:00
Total
Forward - 60:00
Defense - 60:00

Play-by-Play

1st period


0:01 of 1st period - Jeff Skinner wins face-off versus Jonathan Huberdeau in neutral zone.
0:10 of 1st period - Tyson Barrie is hit by Jonathan Huberdeau and loses puck.
0:32 of 1st period - Shot by Jeff Skinner.
0:32 of 1st period - Stopped by Vitek Vanecek without a rebound.
0:33 of 1st period - Trevor Zegras wins face-off versus Dawson Mercer in LOS ANGELES Kings zone.
0:39 of 1st period - Hampus Lindholm is hit by Zach Bogosian and loses puck.
0:43 of 1st period - Mark Stone is hit by Zach Bogosian and loses puck.
0:53 of 1st period - Dawson Mercer is hit by Zach Bogosian and loses puck.
1:02 of 1st period - Shot by Dawson Mercer.
1:02 of 1st period - Shot Misses the Net.
1:05 of 1st period - Dawson Mercer is hit by Zach Bogosian and loses puck.
1:17 of 1st period - Dawson Mercer is hit by Zach Bogosian and loses puck.
1:39 of 1st period - Carl Grundstrom is hit by Jordie Benn and loses puck.
1:50 of 1st period - Shot by Rem Pitlick.
1:50 of 1st period - Stopped by Jonathan Quick without a rebound.
1:51 of 1st period - Anze Kopitar wins face-off versus Jeff Skinner in COLORADO Avalanche zone.
2:11 of 1st period - Icing by Anze Kopitar.
2:12 of 1st period - Anze Kopitar wins face-off versus Craig Smith in LOS ANGELES Kings zone.
2:14 of 1st period - Minor Penalty to Craig Smith for Holding.
2:15 of 1st period - Dawson Mercer wins face-off versus Jeff Skinner in COLORADO Avalanche zone.
3:20 of 1st period - Icing by Anze Kopitar.
3:21 of 1st period - Mitchell Marner wins face-off versus Jeff Skinner in LOS ANGELES Kings zone.
3:34 of 1st period - Shot by Hampus Lindholm.
3:34 of 1st period - Stopped by Jonathan Quick without a rebound.
3:35 of 1st period - Anze Kopitar wins face-off versus Jeff Skinner in COLORADO Avalanche zone.
4:28 of 1st period - Shot by Jordan Eberle.
4:28 of 1st period - Stopped by Vitek Vanecek without a rebound.
4:29 of 1st period - Dawson Mercer wins face-off versus Trevor Zegras in LOS ANGELES Kings zone.
4:44 of 1st period - Shot by Dawson Mercer.
4:44 of 1st period - Shot Misses the Net.
4:48 of 1st period - Shot by Dominik Kubalik.
4:48 of 1st period - Shot Misses the Net.
4:50 of 1st period - Shot by Drew Doughty.
4:50 of 1st period - Deflect By Dawson Mercer.
4:50 of 1st period - Shot Misses the Net.
5:05 of 1st period - Shot by Dawson Mercer.
5:05 of 1st period - Stopped by Jonathan Quick with a rebound.
5:07 of 1st period - Shot by Dominik Kubalik.
5:07 of 1st period - Stopped by Jonathan Quick with a rebound.
5:22 of 1st period - Off-side.
5:23 of 1st period - Anze Kopitar wins face-off versus Jeff Skinner in neutral zone.
5:27 of 1st period - Icing by Zach Bogosian.
5:28 of 1st period - Anze Kopitar wins face-off versus Jeff Skinner in COLORADO Avalanche zone.
5:55 of 1st period - Shot by Jake DeBrusk.
5:55 of 1st period - Stopped by Vitek Vanecek without a rebound.
5:56 of 1st period - Nick Foligno wins face-off versus Oskar Sundqvist in LOS ANGELES Kings zone.
6:37 of 1st period - Shot by Jordan Eberle.
6:37 of 1st period - Stopped by Vitek Vanecek without a rebound.
6:38 of 1st period - Anze Kopitar wins face-off versus Jeff Skinner in LOS ANGELES Kings zone.
6:38 of 1st period - Anze Kopitar is hit by David Pastrnak.
6:49 of 1st period - Icing by Tyson Barrie.
6:50 of 1st period - Jeff Skinner wins face-off versus Dawson Mercer in COLORADO Avalanche zone.
6:50 of 1st period - Jeff Skinner is hit by Dawson Mercer.
7:08 of 1st period - Marc Staal is hit by Jake DeBrusk and loses puck.
7:20 of 1st period - Icing by Hampus Lindholm.
7:21 of 1st period - Craig Smith wins face-off versus Dawson Mercer in LOS ANGELES Kings zone.
7:24 of 1st period - Shot by Zach Aston-Reese.
7:24 of 1st period - Stopped by Vitek Vanecek without a rebound.
7:25 of 1st period - Anze Kopitar wins face-off versus Craig Smith in LOS ANGELES Kings zone.
7:25 of 1st period - Anze Kopitar is hit by Craig Smith.
7:26 of 1st period - Minor Penalty to Nick Foligno for High sticking.
7:27 of 1st period - Jeff Skinner wins face-off versus Mitchell Marner in COLORADO Avalanche zone.
8:11 of 1st period - Shot by Mitchell Marner.
8:11 of 1st period - Stopped by Jonathan Quick with a rebound.
8:13 of 1st period - Shot by Rasmus Andersson.
8:13 of 1st period - Shot Blocked by Zach Bogosian.
8:29 of 1st period - Shot by Hampus Lindholm.
8:29 of 1st period - Stopped by Jonathan Quick without a rebound.
8:30 of 1st period - Dawson Mercer wins face-off versus Trevor Zegras in COLORADO Avalanche zone.
8:47 of 1st period - Shot by Dawson Mercer.
8:47 of 1st period - Stopped by Jonathan Quick with a rebound.
8:53 of 1st period - Shot by Mark Stone.
8:53 of 1st period - Shot Misses the Net.
8:55 of 1st period - Shot by Dawson Mercer.
8:55 of 1st period - Stopped by Jonathan Quick without a rebound.
8:56 of 1st period - Jeff Skinner wins face-off versus Anze Kopitar in COLORADO Avalanche zone.
9:12 of 1st period - Shot by Rasmus Andersson.
9:12 of 1st period - Shot Misses the Net.
9:14 of 1st period - Shot by Rasmus Andersson.
9:14 of 1st period - Shot Misses the Net.
9:16 of 1st period - Shot by Anze Kopitar.
9:16 of 1st period - Shot Blocked by Tyson Barrie.
10:07 of 1st period - Shot by Rem Pitlick.
10:07 of 1st period - Stopped by Jonathan Quick without a rebound.
10:08 of 1st period - Dawson Mercer wins face-off versus Trevor Zegras in COLORADO Avalanche zone.
10:34 of 1st period - Calle Rosen is hit by Jason Zucker.
10:41 of 1st period - Icing by Jason Zucker.
10:42 of 1st period - Trevor Zegras wins face-off versus Anze Kopitar in COLORADO Avalanche zone.
10:42 of 1st period - Trevor Zegras is hit by Jonathan Huberdeau.
11:02 of 1st period - Shot by Anze Kopitar.
11:02 of 1st period - Stopped by Jonathan Quick with a rebound.
11:04 of 1st period - Shot by Drew Doughty.
11:04 of 1st period - Stopped by Jonathan Quick without a rebound.
11:05 of 1st period - Oskar Sundqvist wins face-off versus Jeff Skinner in COLORADO Avalanche zone.
11:14 of 1st period - Shot by Hampus Lindholm.
11:14 of 1st period - Shot Misses the Net.
11:33 of 1st period - Jeff Skinner is hit by Marc Staal and loses puck.
11:44 of 1st period - Shot by Carl Grundstrom.
11:44 of 1st period - Stopped by Jonathan Quick without a rebound.
11:45 of 1st period - Anze Kopitar wins face-off versus Nick Foligno in COLORADO Avalanche zone.
12:11 of 1st period - Shot by Nick Foligno.
12:11 of 1st period - Stopped by Vitek Vanecek without a rebound.
12:12 of 1st period - Dawson Mercer wins face-off versus Trevor Zegras in LOS ANGELES Kings zone.
12:42 of 1st period - Minor Penalty to Marcus Pettersson for Interference.
12:43 of 1st period - Jeff Skinner wins face-off versus Dawson Mercer in LOS ANGELES Kings zone.
12:43 of 1st period - Jeff Skinner is hit by Drew Doughty.
12:55 of 1st period - Shot by Oliver Ekman-Larsson.
12:55 of 1st period - Stopped by Vitek Vanecek without a rebound.
12:56 of 1st period - Jeff Skinner wins face-off versus Dawson Mercer in LOS ANGELES Kings zone.
14:22 of 1st period - Off-side.
14:23 of 1st period - Jeff Skinner wins face-off versus Mitchell Marner in neutral zone.
14:30 of 1st period - Shot by Tyson Barrie.
14:30 of 1st period - Stopped by Vitek Vanecek without a rebound.
14:31 of 1st period - Jeff Skinner wins face-off versus Dawson Mercer in LOS ANGELES Kings zone.
15:06 of 1st period - Shot by Jordan Eberle.
15:06 of 1st period - Stopped by Vitek Vanecek without a rebound.
15:07 of 1st period - Anze Kopitar wins face-off versus Trevor Zegras in LOS ANGELES Kings zone.
15:07 of 1st period - Anze Kopitar is hit by Trevor Zegras.
15:21 of 1st period - Shot by Mitchell Marner.
15:21 of 1st period - Deflect By Anze Kopitar.
15:21 of 1st period - Shot Misses the Net.
16:00 of 1st period - Rasmus Andersson is hit by Zach Bogosian and loses puck.
17:23 of 1st period - Shot by Nick Foligno.
17:23 of 1st period - Shot Misses the Net.
18:07 of 1st period - Shot by David Pastrnak.
18:07 of 1st period - Stopped by Vitek Vanecek without a rebound.
18:08 of 1st period - Anze Kopitar wins face-off versus Craig Smith in LOS ANGELES Kings zone.
18:23 of 1st period - Shot by Jonathan Huberdeau.
18:23 of 1st period - Shot Misses the Net.
19:29 of 1st period - Shot by Carl Grundstrom.
19:29 of 1st period - Deflect By Rem Pitlick.
19:29 of 1st period - Stopped by Jonathan Quick without a rebound.
19:30 of 1st period - Jeff Skinner wins face-off versus Joel Kiviranta in COLORADO Avalanche zone.
19:35 of 1st period - Drew Doughty is hit by Jake DeBrusk and loses puck.
19:43 of 1st period - Minor Penalty to Jake DeBrusk for Delaying the game.
19:44 of 1st period - Anze Kopitar wins face-off versus Jeff Skinner in COLORADO Avalanche zone.
Goals for this period are 0 for LOS ANGELES Kings vs 0 for COLORADO Avalanche.
Shots for this period are 13 for LOS ANGELES Kings vs 10 for COLORADO Avalanche.

2nd period


0:01 of 2nd period - Jeff Skinner wins face-off versus Anze Kopitar in neutral zone.
0:01 of 2nd period - Tyson Barrie is hit by Mitchell Marner and loses puck.
0:32 of 2nd period - Shot by Anze Kopitar.
0:32 of 2nd period - Shot Misses the Net.
0:34 of 2nd period - Shot by Drew Doughty.
0:34 of 2nd period - Stopped by Jonathan Quick with a rebound.
0:40 of 2nd period - Shot by Anze Kopitar.
0:40 of 2nd period - Shot Blocked by Zach Bogosian.
1:18 of 2nd period - Shot by Dominik Kubalik.
1:18 of 2nd period - Stopped by Jonathan Quick without a rebound.
1:19 of 2nd period - Tomas Nosek wins face-off versus Dawson Mercer in COLORADO Avalanche zone.
1:35 of 2nd period - Icing by Calle Rosen.
1:36 of 2nd period - Dawson Mercer wins face-off versus Jeff Skinner in LOS ANGELES Kings zone.
1:58 of 2nd period - Shot by Zach Aston-Reese.
1:58 of 2nd period - Stopped by Vitek Vanecek without a rebound.
1:59 of 2nd period - Nick Foligno wins face-off versus Anze Kopitar in LOS ANGELES Kings zone.
2:09 of 2nd period - Nick Foligno is hit by Hampus Lindholm and loses puck.
3:04 of 2nd period - Shot by David Pastrnak.
3:04 of 2nd period - Shot Blocked by Mark Stone.
3:06 of 2nd period - Shot by Mark Pysyk.
3:06 of 2nd period - Shot Misses the Net.
3:08 of 2nd period - Shot by Zach Bogosian.
3:08 of 2nd period - Stopped by Vitek Vanecek without a rebound.
3:09 of 2nd period - Trevor Zegras wins face-off versus Oskar Sundqvist in LOS ANGELES Kings zone.
3:18 of 2nd period - Shot by Jason Zucker.
3:18 of 2nd period - Deflect By Alex Iafallo.
3:18 of 2nd period - Stopped by Vitek Vanecek with a rebound.
3:40 of 2nd period - Shot by Carl Grundstrom.
3:40 of 2nd period - Stopped by Jonathan Quick without a rebound.
3:41 of 2nd period - Anze Kopitar wins face-off versus Jeff Skinner in COLORADO Avalanche zone.
4:44 of 2nd period - Hampus Lindholm is hit by David Pastrnak and loses puck.
4:53 of 2nd period - Shot by Marc Staal.
4:53 of 2nd period - Shot Blocked by David Pastrnak.
4:55 of 2nd period - Shot by Marc Staal.
4:55 of 2nd period - Deflect By Dawson Mercer.
4:55 of 2nd period - Shot Misses the Net.
4:57 of 2nd period - Shot by Dominik Kubalik.
4:57 of 2nd period - Shot Misses the Net.
5:03 of 2nd period - Shot by Dawson Mercer.
5:03 of 2nd period - Stopped by Jonathan Quick without a rebound.
5:04 of 2nd period - Trevor Zegras wins face-off versus Oskar Sundqvist in COLORADO Avalanche zone.
5:04 of 2nd period - Trevor Zegras is hit by Oskar Sundqvist.
5:20 of 2nd period - Shot by Jason Zucker.
5:20 of 2nd period - Shot Misses the Net.
5:40 of 2nd period - Shot by Carl Grundstrom.
5:40 of 2nd period - Shot Misses the Net.
5:42 of 2nd period - Shot by Marcus Pettersson.
5:42 of 2nd period - Shot Blocked by Tyson Barrie.
5:53 of 2nd period - Icing by Oliver Ekman-Larsson.
5:54 of 2nd period - Anze Kopitar wins face-off versus Trevor Zegras in COLORADO Avalanche zone.
6:04 of 2nd period - Mitchell Marner is hit by Oliver Ekman-Larsson and loses puck.
6:27 of 2nd period - Shot by Jonathan Huberdeau.
6:27 of 2nd period - Stopped by Jonathan Quick without a rebound.
6:28 of 2nd period - Dawson Mercer wins face-off versus Craig Smith in COLORADO Avalanche zone.
7:01 of 2nd period - Shot by Zach Aston-Reese.
7:01 of 2nd period - Shot Misses the Net.
7:03 of 2nd period - Shot by Zach Aston-Reese.
7:03 of 2nd period - Stopped by Vitek Vanecek without a rebound.
7:04 of 2nd period - Jeff Skinner wins face-off versus Anze Kopitar in LOS ANGELES Kings zone.
7:04 of 2nd period - Minor Penalty to Drew Doughty for Hooking.
7:05 of 2nd period - Jeff Skinner wins face-off versus Dawson Mercer in LOS ANGELES Kings zone.
7:29 of 2nd period - Jake DeBrusk is hit by Rasmus Andersson and loses puck.
7:43 of 2nd period - Jeff Skinner is hit by Calle Rosen and loses puck.
8:04 of 2nd period - Shot by Tyson Barrie.
8:04 of 2nd period - Stopped by Vitek Vanecek without a rebound.
8:05 of 2nd period - Dawson Mercer wins face-off versus Trevor Zegras in LOS ANGELES Kings zone.
8:27 of 2nd period - Shot by Tyson Barrie.
8:27 of 2nd period - Shot Misses the Net.
8:29 of 2nd period - Shot by Alex Iafallo.
8:29 of 2nd period - Shot Blocked by Dawson Mercer.
8:31 of 2nd period - Shot by Jeff Skinner.
8:31 of 2nd period - Shot Misses the Net.
8:33 of 2nd period - Shot by Alex Iafallo.
8:33 of 2nd period - Stopped by Vitek Vanecek without a rebound.
8:34 of 2nd period - Anze Kopitar wins face-off versus Jason Zucker in LOS ANGELES Kings zone.
8:53 of 2nd period - Shot by Zach Bogosian.
8:53 of 2nd period - Shot Hit the Post.
9:09 of 2nd period - Shot by Jordan Eberle.
9:09 of 2nd period - Stopped by Vitek Vanecek without a rebound.
9:10 of 2nd period - Anze Kopitar wins face-off versus Nick Foligno in LOS ANGELES Kings zone.
9:12 of 2nd period - Icing by Mitchell Marner.
9:13 of 2nd period - Anze Kopitar wins face-off versus Nick Foligno in LOS ANGELES Kings zone.
9:23 of 2nd period - Icing by Anze Kopitar.
9:24 of 2nd period - Jonathan Huberdeau wins face-off versus Jeff Skinner in LOS ANGELES Kings zone.
9:24 of 2nd period - Jonathan Huberdeau is hit by Jake DeBrusk.
9:32 of 2nd period - Shot by Anze Kopitar.
9:32 of 2nd period - Stopped by Jonathan Quick without a rebound.
9:33 of 2nd period - Anze Kopitar wins face-off versus Jeff Skinner in COLORADO Avalanche zone.
9:33 of 2nd period - Jonathan Huberdeau is hit by Tyson Barrie and loses puck.
9:43 of 2nd period - Minor Penalty to Tyson Barrie for Hooking.
9:44 of 2nd period - Anze Kopitar wins face-off versus Jeff Skinner in COLORADO Avalanche zone.
9:59 of 2nd period - Shot by Anze Kopitar.
9:59 of 2nd period - Deflect By Jonathan Huberdeau.
9:59 of 2nd period - Shot Misses the Net.
10:07 of 2nd period - Shot by Rasmus Andersson.
10:07 of 2nd period - Stopped by Jonathan Quick without a rebound.
10:08 of 2nd period - Trevor Zegras wins face-off versus Dawson Mercer in COLORADO Avalanche zone.
10:14 of 2nd period - Icing by Hampus Lindholm.
10:15 of 2nd period - Jeff Skinner wins face-off versus Dawson Mercer in LOS ANGELES Kings zone.
10:15 of 2nd period - Jeff Skinner is hit by Hampus Lindholm.
10:21 of 2nd period - Shot by Jake DeBrusk.
10:21 of 2nd period - Goal by Jake DeBrusk - LOS ANGELES Kings : 0 - COLORADO Avalanche : 1.
10:22 of 2nd period - Anze Kopitar wins face-off versus Jeff Skinner in neutral zone.
10:51 of 2nd period - Shot by Drew Doughty.
10:51 of 2nd period - Stopped by Jonathan Quick with a rebound.
10:53 of 2nd period - Shot by Mitchell Marner.
10:53 of 2nd period - Shot Misses the Net.
10:55 of 2nd period - Shot by Anze Kopitar.
10:55 of 2nd period - Shot Misses the Net.
10:57 of 2nd period - Shot by Anze Kopitar.
10:57 of 2nd period - Stopped by Jonathan Quick without a rebound.
10:58 of 2nd period - Dawson Mercer wins face-off versus Jeff Skinner in COLORADO Avalanche zone.
11:15 of 2nd period - Shot by Mark Stone.
11:15 of 2nd period - Stopped by Jonathan Quick without a rebound.
11:16 of 2nd period - Anze Kopitar wins face-off versus Jake DeBrusk in COLORADO Avalanche zone.
12:57 of 2nd period - Minor Penalty to Carl Grundstrom for High sticking.
12:58 of 2nd period - Jeff Skinner wins face-off versus Dawson Mercer in LOS ANGELES Kings zone.
13:01 of 2nd period - Shot by Tyson Barrie.
13:01 of 2nd period - Shot Misses the Net.
13:11 of 2nd period - Shot by David Pastrnak.
13:11 of 2nd period - Deflect By Jeff Skinner.
13:11 of 2nd period - Shot Blocked by Drew Doughty.
13:13 of 2nd period - Shot by David Pastrnak.
13:13 of 2nd period - Shot Blocked by Rasmus Andersson.
13:15 of 2nd period - Shot by Jake DeBrusk.
13:15 of 2nd period - Goal by Jake DeBrusk - LOS ANGELES Kings : 0 - COLORADO Avalanche : 2.
13:16 of 2nd period - Anze Kopitar wins face-off versus Trevor Zegras in neutral zone.
13:52 of 2nd period - Shot by Anze Kopitar.
13:52 of 2nd period - Stopped by Jonathan Quick without a rebound.
13:53 of 2nd period - Jeff Skinner wins face-off versus Oskar Sundqvist in COLORADO Avalanche zone.
14:08 of 2nd period - Shot by David Pastrnak.
14:08 of 2nd period - Deflect By Jeff Skinner.
14:08 of 2nd period - Stopped by Vitek Vanecek without a rebound.
14:09 of 2nd period - Nick Foligno wins face-off versus Dawson Mercer in LOS ANGELES Kings zone.
14:32 of 2nd period - Tyson Barrie is hit by Dominik Kubalik and loses puck.
14:44 of 2nd period - Minor Penalty to Nick Foligno for Tripping.
14:45 of 2nd period - Anze Kopitar wins face-off versus Jeff Skinner in COLORADO Avalanche zone.
15:47 of 2nd period - Icing by Hampus Lindholm.
15:48 of 2nd period - Dawson Mercer wins face-off versus Trevor Zegras in LOS ANGELES Kings zone.
15:48 of 2nd period - Dawson Mercer is hit by Jason Zucker.
16:01 of 2nd period - Shot by Trevor Zegras.
16:01 of 2nd period - Shot Misses the Net.
16:05 of 2nd period - Shot by Trevor Zegras.
16:05 of 2nd period - Stopped by Vitek Vanecek without a rebound.
16:06 of 2nd period - Trevor Zegras wins face-off versus Mitchell Marner in LOS ANGELES Kings zone.
16:10 of 2nd period - Icing by Rasmus Andersson.
16:11 of 2nd period - Anze Kopitar wins face-off versus Jeff Skinner in LOS ANGELES Kings zone.
16:24 of 2nd period - Shot by Anze Kopitar.
16:24 of 2nd period - Stopped by Jonathan Quick without a rebound.
16:25 of 2nd period - Trevor Zegras wins face-off versus Dawson Mercer in COLORADO Avalanche zone.
16:42 of 2nd period - Shot by Dominik Kubalik.
16:42 of 2nd period - Shot Misses the Net.
16:44 of 2nd period - Shot by Dawson Mercer.
16:44 of 2nd period - Shot Misses the Net.
16:46 of 2nd period - Shot by Carl Grundstrom.
16:46 of 2nd period - Stopped by Jonathan Quick with a rebound.
16:48 of 2nd period - Shot by Carl Grundstrom.
16:48 of 2nd period - Shot Blocked by Alex Iafallo.
16:50 of 2nd period - Shot by Rem Pitlick.
16:50 of 2nd period - Shot Misses the Net.
16:57 of 2nd period - Carl Grundstrom is hit by Kris Russell and loses puck.
17:01 of 2nd period - Oskar Sundqvist is hit by Jordie Benn.
17:10 of 2nd period - Icing by Jordie Benn.
17:11 of 2nd period - Anze Kopitar wins face-off versus Trevor Zegras in COLORADO Avalanche zone.
17:32 of 2nd period - Shot by Jonathan Huberdeau.
17:32 of 2nd period - Shot Blocked by Kris Russell.
17:34 of 2nd period - Shot by Anze Kopitar.
17:34 of 2nd period - Shot Misses the Net.
17:39 of 2nd period - Anze Kopitar is hit by Jordie Benn and loses puck.
18:13 of 2nd period - Shot by Dawson Mercer.
18:13 of 2nd period - Shot Misses the Net.
18:15 of 2nd period - Shot by Drew Doughty.
18:15 of 2nd period - Stopped by Jonathan Quick without a rebound.
18:16 of 2nd period - Carl Grundstrom wins face-off versus Jeff Skinner in COLORADO Avalanche zone.
18:16 of 2nd period - Carl Grundstrom is hit by Oliver Ekman-Larsson.
18:36 of 2nd period - Shot by David Pastrnak.
18:36 of 2nd period - Shot Misses the Net.
18:45 of 2nd period - Minor Penalty to David Pastrnak for Holding.
18:46 of 2nd period - Dawson Mercer wins face-off versus Jeff Skinner in COLORADO Avalanche zone.
19:10 of 2nd period - Shot by Drew Doughty.
19:10 of 2nd period - Stopped by Jonathan Quick with a rebound.
19:12 of 2nd period - Shot by Rasmus Andersson.
19:12 of 2nd period - Stopped by Jonathan Quick without a rebound.
19:13 of 2nd period - Jeff Skinner wins face-off versus Mitchell Marner in COLORADO Avalanche zone.
19:21 of 2nd period - Icing by Mitchell Marner.
19:22 of 2nd period - Anze Kopitar wins face-off versus Jeff Skinner in LOS ANGELES Kings zone.
19:24 of 2nd period - Icing by Mitchell Marner.
19:25 of 2nd period - Trevor Zegras wins face-off versus Anze Kopitar in LOS ANGELES Kings zone.
19:36 of 2nd period - Shot by Jonathan Huberdeau.
19:36 of 2nd period - Shot Misses the Net.
19:38 of 2nd period - Shot by Anze Kopitar.
19:38 of 2nd period - Stopped by Jonathan Quick without a rebound.
19:39 of 2nd period - Jeff Skinner wins face-off versus Dawson Mercer in COLORADO Avalanche zone.
Goals for this period are 0 for LOS ANGELES Kings vs 2 for COLORADO Avalanche.
Shots for this period are 17 for LOS ANGELES Kings vs 11 for COLORADO Avalanche.

3rd period


0:01 of 3rd period - Jeff Skinner wins face-off versus Anze Kopitar in neutral zone.
1:28 of 3rd period - Icing by Marc Staal.
1:29 of 3rd period - Dawson Mercer wins face-off versus Jeff Skinner in LOS ANGELES Kings zone.
1:36 of 3rd period - Shot by Mark Stone.
1:36 of 3rd period - Stopped by Jonathan Quick without a rebound.
1:37 of 3rd period - Anze Kopitar wins face-off versus Jeff Skinner in COLORADO Avalanche zone.
1:58 of 3rd period - Shot by Mitchell Marner.
1:58 of 3rd period - Stopped by Jonathan Quick with a rebound.
2:00 of 3rd period - Shot by Drew Doughty.
2:00 of 3rd period - Shot Misses the Net.
2:33 of 3rd period - Jake DeBrusk is hit by Marcus Pettersson and loses puck.
2:41 of 3rd period - Off-side.
2:42 of 3rd period - Dawson Mercer wins face-off versus Trevor Zegras in neutral zone.
2:48 of 3rd period - Dominik Kubalik is hit by Zach Bogosian.
2:50 of 3rd period - Shot by Mark Stone.
2:50 of 3rd period - Stopped by Jonathan Quick with a rebound.
2:52 of 3rd period - Shot by Mark Stone.
2:52 of 3rd period - Shot Misses the Net.
3:46 of 3rd period - Drew Doughty is hit by Nick Foligno and loses puck.
3:51 of 3rd period - Shot by Jordan Eberle.
3:51 of 3rd period - Stopped by Vitek Vanecek with a rebound.
3:53 of 3rd period - Shot by Tomas Nosek.
3:53 of 3rd period - Goal by Tomas Nosek - LOS ANGELES Kings : 0 - COLORADO Avalanche : 3.
3:54 of 3rd period - Craig Smith wins face-off versus Anze Kopitar in neutral zone.
4:05 of 3rd period - Shot by Zach Aston-Reese.
4:05 of 3rd period - Goal by Zach Aston-Reese - LOS ANGELES Kings : 0 - COLORADO Avalanche : 4.
4:06 of 3rd period - Jeff Skinner wins face-off versus Anze Kopitar in neutral zone.
4:21 of 3rd period - Shot by David Pastrnak.
4:21 of 3rd period - Goal by David Pastrnak - LOS ANGELES Kings : 0 - COLORADO Avalanche : 5.
4:22 of 3rd period - Trevor Zegras wins face-off versus Oskar Sundqvist in neutral zone.
4:49 of 3rd period - Tyson Barrie is hit by Marcus Pettersson.
6:42 of 3rd period - Shot by Dawson Mercer.
6:42 of 3rd period - Stopped by Jonathan Quick without a rebound.
6:43 of 3rd period - Craig Smith wins face-off versus Oskar Sundqvist in COLORADO Avalanche zone.
6:50 of 3rd period - Shot by Craig Smith.
6:50 of 3rd period - Shot Blocked by Calle Rosen.
7:10 of 3rd period - Shot by Zach Aston-Reese.
7:10 of 3rd period - Shot Misses the Net.
8:01 of 3rd period - Shot by Oliver Ekman-Larsson.
8:01 of 3rd period - Shot Blocked by Anze Kopitar.
8:03 of 3rd period - Shot by Tyson Barrie.
8:03 of 3rd period - Shot Blocked by Rasmus Andersson.
8:05 of 3rd period - Shot by Jason Zucker.
8:05 of 3rd period - Shot Misses the Net.
8:12 of 3rd period - Minor Penalty to Drew Doughty for Slashing.
8:13 of 3rd period - Dawson Mercer wins face-off versus Jeff Skinner in LOS ANGELES Kings zone.
9:42 of 3rd period - Jeff Skinner is hit by Jonathan Huberdeau and loses puck.
9:48 of 3rd period - Off-side.
9:49 of 3rd period - Jeff Skinner wins face-off versus Dawson Mercer in neutral zone.
10:00 of 3rd period - Shot by Tyson Barrie.
10:00 of 3rd period - Shot Misses the Net.
10:22 of 3rd period - Shot by Tomas Nosek.
10:22 of 3rd period - Stopped by Vitek Vanecek with a rebound.
10:25 of 3rd period - Icing by Marcus Pettersson.
10:26 of 3rd period - Oskar Sundqvist wins face-off versus Craig Smith in LOS ANGELES Kings zone.
10:51 of 3rd period - Shot by Carl Grundstrom.
10:51 of 3rd period - Shot Misses the Net.
10:53 of 3rd period - Shot by Carl Grundstrom.
10:53 of 3rd period - Shot Misses the Net.
10:55 of 3rd period - Shot by Calle Rosen.
10:55 of 3rd period - Shot Hit the Post.
11:41 of 3rd period - Shot by Trevor Zegras.
11:41 of 3rd period - Deflect By Alex Iafallo.
11:41 of 3rd period - Shot Misses the Net.
12:16 of 3rd period - Mark Stone is hit by David Pastrnak and loses puck.
12:39 of 3rd period - Shot by Dawson Mercer.
12:39 of 3rd period - Stopped by Jonathan Quick without a rebound.
12:40 of 3rd period - Nick Foligno wins face-off versus Oskar Sundqvist in COLORADO Avalanche zone.
12:47 of 3rd period - Shot by Oskar Sundqvist.
12:47 of 3rd period - Shot Misses the Net.
12:57 of 3rd period - Shot by Rem Pitlick.
12:57 of 3rd period - Stopped by Jonathan Quick without a rebound.
12:58 of 3rd period - Trevor Zegras wins face-off versus Dawson Mercer in COLORADO Avalanche zone.
13:00 of 3rd period - Jason Zucker is hit by Dominik Kubalik and loses puck.
13:09 of 3rd period - Shot by Alex Iafallo.
13:09 of 3rd period - Shot Misses the Net.
13:37 of 3rd period - Shot by Dawson Mercer.
13:37 of 3rd period - Shot Hit the Post.
13:44 of 3rd period - Icing by Zach Bogosian.
13:45 of 3rd period - Anze Kopitar wins face-off versus Trevor Zegras in COLORADO Avalanche zone.
14:02 of 3rd period - Shot by Jonathan Huberdeau.
14:02 of 3rd period - Shot Hit the Post.
14:25 of 3rd period - Jeff Skinner is hit by Marc Staal and loses puck.
15:03 of 3rd period - Icing by Marc Staal.
15:04 of 3rd period - Anze Kopitar wins face-off versus Nick Foligno in LOS ANGELES Kings zone.
15:04 of 3rd period - Anze Kopitar is hit by Nick Foligno.
15:22 of 3rd period - Shot by Jordan Eberle.
15:22 of 3rd period - Stopped by Vitek Vanecek with a rebound.
15:24 of 3rd period - Shot by Tomas Nosek.
15:24 of 3rd period - Shot Misses the Net.
15:38 of 3rd period - Shot by Tomas Nosek.
15:38 of 3rd period - Shot Blocked by Marc Staal.
16:25 of 3rd period - Mark Stone is hit by Oliver Ekman-Larsson and loses puck.
16:30 of 3rd period - Shot by Dawson Mercer.
16:30 of 3rd period - Shot Misses the Net.
17:23 of 3rd period - Shot by Jeff Skinner.
17:23 of 3rd period - Stopped by Vitek Vanecek without a rebound.
17:24 of 3rd period - Oskar Sundqvist wins face-off versus Craig Smith in LOS ANGELES Kings zone.
17:24 of 3rd period - Oskar Sundqvist is hit by Nick Foligno.
17:34 of 3rd period - Shot by Nick Foligno.
17:34 of 3rd period - Shot Misses the Net.
17:37 of 3rd period - Icing by Oskar Sundqvist.
17:38 of 3rd period - Oskar Sundqvist wins face-off versus Jeff Skinner in LOS ANGELES Kings zone.
17:43 of 3rd period - Shot by David Pastrnak.
17:43 of 3rd period - Stopped by Vitek Vanecek without a rebound.
17:44 of 3rd period - Jeff Skinner wins face-off versus Dawson Mercer in LOS ANGELES Kings zone.
18:01 of 3rd period - Icing by Dominik Kubalik.
18:02 of 3rd period - Trevor Zegras wins face-off versus Dawson Mercer in LOS ANGELES Kings zone.
18:03 of 3rd period - Shot by Jason Zucker.
18:03 of 3rd period - Deflect By Trevor Zegras.
18:03 of 3rd period - Shot Misses the Net.
18:05 of 3rd period - Shot by Mark Pysyk.
18:05 of 3rd period - Shot Misses the Net.
18:12 of 3rd period - Minor Penalty to Zach Bogosian for High sticking.
18:13 of 3rd period - Jeff Skinner wins face-off versus Mitchell Marner in COLORADO Avalanche zone.
18:18 of 3rd period - Drew Doughty is hit by Jeff Skinner and loses puck.
18:35 of 3rd period - Shot by Drew Doughty.
18:35 of 3rd period - Goal by Drew Doughty - LOS ANGELES Kings : 1 - COLORADO Avalanche : 5.
18:36 of 3rd period - Trevor Zegras wins face-off versus Dawson Mercer in neutral zone.
18:41 of 3rd period - Hampus Lindholm is hit by Trevor Zegras and loses puck.
19:16 of 3rd period - Shot by Alex Iafallo.
19:16 of 3rd period - Stopped by Vitek Vanecek without a rebound.
19:17 of 3rd period - Anze Kopitar wins face-off versus Jeff Skinner in LOS ANGELES Kings zone.
19:49 of 3rd period - Shot by Jeff Skinner.
19:49 of 3rd period - Deflect By Jake DeBrusk.
19:49 of 3rd period - Stopped by Vitek Vanecek without a rebound.
19:50 of 3rd period - Oskar Sundqvist wins face-off versus Nick Foligno in LOS ANGELES Kings zone.
Goals for this period are 1 for LOS ANGELES Kings vs 3 for COLORADO Avalanche.
Shots for this period are 7 for LOS ANGELES Kings vs 10 for COLORADO Avalanche. Output by the SimonT Hockey Simulator (STHS) for Martin Benoit - Original Page W3C HTML5 Valid
Hockey Simulator - Hockey Simulation - Hockey Manager